 Dungeon Crawl Stone Soup version 0.28-a0-1594-ga885d4b3d6 (webtiles) character file.

Game seed: 4759650218325971312

65 jlumianski the Chopper (level 4, 0/40 HPs)
             Began as a Hill Orc Cinder Acolyte on Jan 21, 2022.
             Was an Initiate of Beogh.
             Slain by a giant cockroach (2 damage)
             ... on level 3 of the Dungeon.
             The game lasted 00:09:45 (2634 turns).

jlumianski the Chopper (Hill Orc Cinder Acolyte)    Turns: 2634, Time: 00:09:46

Health: 0/40       AC:  3    Str: 18    XL:     4   Next: 14%
Magic:  5/5        EV: 11    Int: 14    God:    Beogh [......]
Gold:   112        SH:  0    Dex:  6    Spells: 3/5 levels left

rFire   . . .      SeeInvis .   a - -1 hand axe (flame)
rCold   . . .      Faith    .   (no shield)
rNeg    . . .      Spirit   .   e - +1 robe {Will+}
rPois   .          Reflect  .   (no helmet)
rElec   .          Harm     .   q - scarf {shadows}
rCorr   .          Rampage  .   (no gloves)
Will    +....                   (no boots)
Stlth   +.........              (no amulet)
HPRegen 0.13/turn               (no ring)
MPRegen 0.09/turn               (no ring)

@: fire susceptible
A: no striking features
a: Renounce Religion


You were on level 3 of the Dungeon.
You worshipped Beogh.
Beogh was noncommittal.
You visited 1 branch of the dungeon, and saw 3 of its levels.

You collected 112 gold pieces.

Inventory:

Hand Weapons
 a - a -1 hand axe of flaming (weapon)
 l - a +1 whip of draining
Missiles
 i - 6 silver javelins (quivered)
 j - 35 stones
 k - 13 bolts
Armour
 b - a +0 robe
 d - a +0 ring mail
 e - a +1 robe of willpower (worn)
 m - a +0 plate armour
 q - a scarf of shadows (worn)
 r - a +0 plate armour
Magical Staves
 c - a staff of air
Scrolls
 h - a scroll of silence {unknown}
 n - a scroll of teleportation {unknown}
Potions
 f - 2 potions of lignification
 g - 2 potions of curing
 o - a potion of flight {unknown}
 p - a potion of brilliance {unknown}


   Skills:
 + Level 4.1 Fighting
 + Level 4.9 Axes
 + Level 0.1 Throwing
 + Level 0.3 Dodging
 + Level 0.2 Stealth
 + Level 1.2 Spellcasting
 + Level 4.0 Fire Magic


You had 3 spell levels left.
You knew the following spells:

 Your Spells              Type           Power      Damage    Failure   Level
a - Scorch                Fire           24%        2d6       8%          2

Your spell library contained the following spells:

 Spells                   Type           Power      Damage    Failure   Level


Dungeon Overview and Level Annotations

Branches:
Dungeon (3/15)

Altars:

Shops:
D:2 !


Message History

The quokka bites you. The giant cockroach closely misses you.
The quokka closely misses you. The giant cockroach misses you.
The quokka barely misses you. The giant cockroach closely misses you.
The quokka bites you. The giant cockroach bites you.
The quokka barely misses you. The giant cockroach misses you.
The quokka bites you. The giant cockroach closely misses you.
The quokka misses you. The giant cockroach bites you. The quokka bites you.
The giant cockroach closely misses you. The quokka bites you.
* * * LOW HITPOINT WARNING * * *
The giant cockroach barely misses you. The quokka closely misses you.
The giant cockroach bites you but does no damage.
The quokka bites you but does no damage.
The giant cockroach closely misses you. The quokka bites you.
* * * LOW HITPOINT WARNING * * *
The giant cockroach barely misses you. The quokka bites you.
* * * LOW HITPOINT WARNING * * *
The giant cockroach barely misses you.
The quokka bites you but does no damage.
The giant cockroach barely misses you. The quokka bites you.
* * * LOW HITPOINT WARNING * * *
The giant cockroach bites you but does no damage.
The quokka barely misses you.
The giant cockroach bites you but does no damage.
The quokka closely misses you.
The giant cockroach bites you but does no damage.
The quokka misses you. The giant cockroach barely misses you.
The quokka bites you.
* * * LOW HITPOINT WARNING * * *
The giant cockroach barely misses you. The quokka misses you.
The giant cockroach barely misses you. The quokka closely misses you.
The giant cockroach barely misses you. The quokka bites you.
* * * LOW HITPOINT WARNING * * *
The giant cockroach bites you.
You die...

#...''..........####
#...##........###
#...##........#
#...##........#
#.....#########
#.....# ###...#
#.r.# #@B.# #.......
#.....(. ###.....
..... #####


You could see a quokka and a giant cockroach.

Vanquished Creatures
  An adder (D:2)
  4 orcs
  3 bats
  6 endoplasms
  4 giant cockroaches
  6 goblins
  8 hobgoblins
  5 kobolds
  4 quokkas
  A ball python (D:2)
  A frilled lizard (D:2)
  2 rats
45 creatures vanquished.

Vanquished Creatures (others)
  A bat (D:3)
  A kobold (D:3)
2 creatures vanquished.

Grand Total: 47 creatures vanquished

Notes
Turn   | Place    | Note
-------+----------+-------------------------------------------
     0 | D:1      | jlumianski the Hill Orc Cinder Acolyte began the quest for
                  | the Orb.
     0 | D:1      | Reached XP level 1. HP: 19/19 MP: 2/2
   284 | D:1      | Reached XP level 2. HP: 27/27 MP: 3/3
   287 | D:1      | Learned a level 2 spell: Scorch
  1256 | D:2      | Reached XP level 3. HP: 30/33 MP: 1/4
  1519 | D:2      | Found Makhles's Distillery.
  1703 | D:2      | Found a faded altar of an unknown god.
  2162 | D:3      | Fell from the grace of Ignis
  2162 | D:3      | Became a worshipper of Beogh the Brigand
  2381 | D:3      | Reached XP level 4. HP: 40/40 MP: 5/5
  2634 | D:3      | HP: 2/40 [quokka (1)]
  2634 | D:3      | Slain by a giant cockroach

Illustrated notes

Levels and vault maps discovered:
D:1:      dpeg_arrival_houses_and_road, layout_basic, feat_on_display
D:2:      layout_basic, serial_shops, shop_statue,
          hellmonk_ecumenical_altar_heavens_door
D:3:      layout_basic, serial_shops, shop

Skill      XL: |  1  2  3 |
---------------+----------+-----
Fighting       | 4 |  4.1
Fire Magic     | 4 |  4.0
Axes           | |  4.9
Throwing       | |  0.1
Dodging        | |  0.3
Stealth        | |  0.2
Spellcasting   | |  1.2

Action                   |  1- 3 |  4- 6 || total
-------------------------+-------+-------++-------
Melee: Hand axe          |    89 |    15 ||   104
       Punch             |     1 |       ||     1
Throw: Javelin           |    12 |       ||    12
 Cast: Scorch            |    15 |       ||    15
Invok: Convert to Beogh  |     1 |       ||     1
  Use: Scroll            |     2 |       ||     2
Armor: Robe              |    19 |    21 ||    40
Dodge: Dodged            |    43 |    48 ||    91

Table legend: (Time is in decaauts)
 A = Elapsed time spent in this place.
 B = Non-inter-level travel time spent in this place.
 C = Inter-level travel time spent in this place.
 D = Time resting spent in this place.
 E = Time spent auto-exploring this place.
 F = Levels seen in this place.
 G = Mean time per level.
                   A        B        C        D        E       F      G
               +--------+--------+--------+--------+--------+-----+--------+
         Total |   2650 |   2598 |     52 |     80 |   1779 |   3 |  883.3 |
       Dungeon |   2650 |   2598 |     52 |     80 |   1779 |   3 |  883.3 |
               +--------+--------+--------+--------+--------+-----+--------+

Top non-repeatable levels by time:
     D:1: 1156 daAuts
     D:2: 827 daAuts
     D:3: 666 daAuts
